Sharks vs Maple Leafs
Created - February 8, 2022 at 19:01
Goals
|
Sharks |
1 |
0 |
1 |
2 |
Maple Leafs |
0 |
2 |
2 |
4 |
|
Shots
|
Sharks |
8 |
14 |
3 |
25 |
Maple Leafs |
9 |
8 |
11 |
28 |
|
1st period
1. Sharks , Bobby Butler 4 (Boone Jenner 4, Tyler Cuma 7) at 3:55
Penalties :
Bo Horvat (TOR) for Delaying the game (Minor) at 1:38, Pontus Aberg (TOR) for High sticking (Minor) at 14:03
2nd period
2. Maple Leafs , Patrick Kane 13 (Bo Horvat 11, Brayden Schenn 21) at 14:48
3. Maple Leafs , Hampus Lindholm 2 (Unassisted) at 17:43 (PP)
Penalties :
David Booth (S.J) for Hooking (Minor) at 0:37, Ryan Parent (TOR) for Hooking (Minor) at 5:28, Brandon Dubinsky (S.J) for Unsportsmanlike conduct (Minor) at 17:26, Zach Werenski (TOR) for Interference (Minor) at 17:47
3rd period
4. Maple Leafs , Bo Horvat 4 (John Klingberg 7, Andre Burakovsky 6) at 4:39 (PP)
5. Maple Leafs , Claude Giroux 20 (Brayden Schenn 22) at 5:19 (PP)
6. Sharks , Nick Palmieri 6 (Patrick Wey 3, Steve Eminger 4) at 18:51
Penalties :
Zach Werenski (TOR) for Roughing (Minor) at 0:22, Milan Michalek (S.J) for Hooking (Minor) at 3:35, Corey Perry (S.J) for Tripping (Minor) at 5:03, Bobby Butler (S.J) for Hooking (Minor) at 7:08, Nick Palmieri (S.J) for Interference (Minor) at 13:19, Brandon Dubinsky (S.J) for Tripping (Minor) at 16:40, Bobby Butler (S.J) for Holding (Minor) at 19:22
Goalie Stats
Ryan Miller (S.J), 24 saves from 28 shots - (0.857), L, 5-13-4, 60:00 minutes
John Gibson (TOR), 23 saves from 25 shots - (0.920), W, 10-7-0, 60:00 minutes
Players Stats for Sharks
Player Name G A P +/- PIM S H SB GA TA FO MP PP MP PK MP
------------------------------------------------------------------------------------
Bobby Butler 1 0 1 1 4 1 0 0 0 0 0/0 9:54 0:20 0:00
Boone Jenner 0 1 1 1 0 1 0 0 0 0 1/6 12:35 0:20 2:46
Brandon Dubinsky 0 0 0 0 4 0 1 0 1 0 2/9 18:20 4:39 1:12
Corban Knight 0 0 0 0 0 0 0 0 1 0 0/1 7:01 0:00 0:25
Corey Perry 0 0 0 0 2 2 0 1 0 0 1/1 15:51 4:56 0:00
David Booth 0 0 0 0 2 3 1 2 2 0 0/1 25:34 4:56 4:45
Dion Phaneuf 0 0 0 -1 0 2 5 3 1 2 0/0 28:43 6:24 6:14
Drew Doughty 0 0 0 -1 0 1 1 0 0 2 0/0 28:49 6:24 6:16
Gilbert Brule 0 0 0 0 0 4 3 0 0 0 14/27 22:23 4:56 5:35
J.T. Brown 0 0 0 1 0 0 0 0 0 0 0/0 2:38 0:00 0:00
Karl Alzner 0 0 0 0 0 1 4 0 0 0 0/0 21:35 3:31 3:54
Milan Michalek 0 0 0 -1 2 5 0 1 0 0 1/2 20:00 4:36 3:49
Nick Palmieri 1 0 1 0 2 3 1 0 2 1 1/1 17:22 4:39 0:00
Oskar Osala 0 0 0 0 0 1 0 0 1 0 0/0 6:32 0:00 0:00
Patrick Wey 0 1 1 2 0 0 0 1 0 0 0/0 9:36 0:00 0:00
Steve Eminger 0 1 1 2 0 0 0 1 0 0 0/0 9:42 0:00 0:02
Tyler Cuma 0 1 1 0 0 0 1 2 1 0 0/0 21:35 3:31 3:54
Zach Boychuk 0 0 0 1 0 1 0 0 0 0 0/0 11:32 0:23 1:48
Players Stats for Maple Leafs
Player Name G A P +/- PIM S H SB GA TA FO MP PP MP PK MP
------------------------------------------------------------------------------------
Andre Burakovsky 0 1 1 0 0 0 2 0 0 0 2/3 13:29 3:57 0:00
Beau Bennett 0 0 0 0 0 1 0 0 0 0 0/0 8:03 0:28 0:00
Bo Horvat 1 1 2 0 2 1 3 1 0 0 7/8 16:59 3:57 1:01
Brandon Saad 0 0 0 -1 0 1 4 1 0 1 0/0 10:10 0:09 1:07
Brayden Schenn 0 2 2 -1 0 2 2 0 0 1 15/27 22:07 5:44 5:31
Braydon Coburn 0 0 0 0 0 0 0 2 0 1 0/0 18:04 0:00 5:59
Claude Giroux 1 0 1 -1 0 8 1 1 3 1 1/1 22:37 5:45 5:34
Hampus Lindholm 1 0 1 -2 0 6 0 1 1 0 0/0 27:17 6:38 3:56
Jake Guentzel 0 0 0 1 0 1 2 1 0 0 1/1 19:45 3:57 3:17
John Klingberg 0 1 1 0 0 1 0 0 1 0 0/0 20:21 3:32 3:56
Jon Merrill 0 0 0 1 0 0 1 0 0 0 0/0 22:49 3:32 5:59
Logan Couture 0 0 0 0 0 0 0 0 0 1 1/4 12:11 1:02 3:20
Patrice Cormier 0 0 0 -1 0 1 3 0 0 0 1/4 8:53 0:03 0:00
Patrick Kane 1 0 1 1 0 3 2 0 0 3 0/0 18:14 5:28 0:00
Pontus Aberg 0 0 0 -1 2 2 1 0 0 0 0/0 9:26 0:00 0:00
Ryan Parent 0 0 0 0 2 1 0 0 0 0 0/0 10:02 0:00 0:00
Tim Schaller 0 0 0 0 0 0 4 0 0 0 0/0 7:35 0:00 0:00
Zach Werenski 0 0 0 -1 4 0 1 3 0 1 0/0 21:57 6:37 0:00
3 Stars
1 - Bo Horvat (TOR)
2 - Patrick Kane (TOR)
3 - Brayden Schenn (TOR)
Power Play
Sharks - 0 on 5 Attempt(s) - 0.00%
Maple Leafs - 3 on 8 Attempt(s) - 37.50%
Penalty Kill
Sharks - 5 on 8 Attempt(s) - 62.50%
- Score 0 goal in Penalty Kill
Maple Leafs - 5 on 5 Attempt(s) - 100.00%
- Score 0 goal in Penalty Kill
Team Stat
Sharks - Hits : 17 - Faceoff Wins : 20 - Blocked Shots : 11 - Penalty Minutes : 16
Maple Leafs - Hits : 26 - Faceoff Wins : 28 - Blocked Shots : 10 - Penalty Minutes : 10
Official
Referees : Kevin Pollock and Francois St. Laurent
Linesman : Vaughan Rody and Brad Kovachik
Game Notes
17:43 of 2nd period - Penalty Shot by Hampus Lindholm for Maple Leafs - Goal!
Finance
Level 1 -- Attendance: 5893 (98.22%) -- Ticket Income $589,300
Level 2 -- Attendance: 4664 (93.28%) -- Ticket Income $279,840
Level 3 -- Attendance: 1836 (91.80%) -- Ticket Income $64,260
Level 4 -- Attendance: 4000 (100.00%) -- Ticket Income $100,000
Luxury Box -- Attendance: 982 (98.20%) -- Ticket Income $196,400
Game was played at the Scotiabank Arena.
Total Attendance: 17375 (96.53%)
Total Ticket Income: $1,229,800
Other Income: $184,470
Total Income: $1,414,270
Sharks
5 vs 5 Forward
Center Left Wing Right Wing Time % Phy DF OF
1 Gilbert Brule David Booth Corey Perry 40 1 2 2
2 Brandon Dubinsky Milan Michalek Nick Palmieri 30 1 2 2
3 Boone Jenner Zach Boychuk Bobby Butler 20 1 2 2
4 Corban Knight David Booth Oskar Osala 10 1 2 2
5 vs 5 Defense
Defense Defense Time % Phy DF OF
1 Drew Doughty Dion Phaneuf 40 1 2 2
2 Tyler Cuma Karl Alzner 30 1 2 2
3 Steve Eminger Patrick Wey 20 1 2 2
4 Drew Doughty Dion Phaneuf 10 1 2 2
PowerPlay Forward
Center Left Wing Right Wing Time % Phy DF OF
1 Gilbert Brule David Booth Corey Perry 60 1 2 2
2 Brandon Dubinsky Milan Michalek Nick Palmieri 40 1 2 2
PowerPlay Defense
Defense Defense Time % Phy DF OF
1 Drew Doughty Dion Phaneuf 60 1 2 2
2 Tyler Cuma Karl Alzner 40 1 2 2
Penalty Kill 4 Players Forward
Center Wing Time % Phy DF OF
1 Gilbert Brule David Booth 60 1 2 2
2 Brandon Dubinsky Milan Michalek 40 1 2 2
Penalty Kill 4 Players Defense
Defense Defense Time % Phy DF OF
1 Drew Doughty Dion Phaneuf 60 1 2 2
2 Tyler Cuma Karl Alzner 40 1 2 2
Penalty Kill - 3 Players Forward
Forward Time % Phy DF OF
1 Gilbert Brule 60 1 2 2
2 Brandon Dubinsky 40 1 2 2
Penalty Kill - 3 Players Defense
Defense Defense Time % Phy DF OF
1 Drew Doughty Dion Phaneuf 60 1 2 2
2 Tyler Cuma Karl Alzner 40 1 2 2
4 vs 4 Forward
Center Wing Time % Phy DF OF
1 Gilbert Brule David Booth 60 1 2 2
2 Brandon Dubinsky Milan Michalek 40 1 2 2
4 vs 4 Defense
Defense Defense Time % Phy DF OF
1 Drew Doughty Dion Phaneuf 60 1 2 2
2 Tyler Cuma Karl Alzner 40 1 2 2
Last Minutes Offensive
Center Left Wing Right Wing Defense Defense
Gilbert Brule David Booth Corey Perry Drew Doughty Dion Phaneuf
Last Minutes Defensive
Center Left Wing Right Wing Defense Defense
Gilbert Brule David Booth Corey Perry Drew Doughty Dion Phaneuf
Goaltenders
Starting : Ryan Miller
Backup : Keith Kinkaid
Extra Forwards
Normal : Milan Michalek, Brandon Dubinsky, J.T. Brown - PP : Milan Michalek, Brandon Dubinsky - PK : Milan Michalek
Extra Defensemen
Normal : Karl Alzner, Steve Eminger, Patrick Wey - PP : Karl Alzner - PK : Karl Alzner, Steve Eminger
Penalty Shots
Corey Perry, Gilbert Brule, Nick Palmieri, David Booth, Milan Michalek
Scratches
Brayden McNabb (Healthy)
Maple Leafs
5 vs 5 Forward
Center Left Wing Right Wing Time % Phy DF OF
1 Brayden Schenn Claude Giroux Andre Burakovsky 40 1 2 2
2 Bo Horvat Jake Guentzel Patrick Kane 30 1 2 2
3 Patrice Cormier Brandon Saad Pontus Aberg 20 1 2 2
4 Logan Couture Tim Schaller Beau Bennett 10 1 2 2
5 vs 5 Defense
Defense Defense Time % Phy DF OF
1 Hampus Lindholm Zach Werenski 40 1 2 2
2 Jon Merrill John Klingberg 30 1 2 2
3 Ryan Parent Braydon Coburn 20 1 2 2
4 Hampus Lindholm John Klingberg 10 1 2 2
PowerPlay Forward
Center Left Wing Right Wing Time % Phy DF OF
1 Brayden Schenn Claude Giroux Patrick Kane 60 1 2 2
2 Bo Horvat Jake Guentzel Andre Burakovsky 40 1 2 2
PowerPlay Defense
Defense Defense Time % Phy DF OF
1 Hampus Lindholm Zach Werenski 60 1 2 2
2 Jon Merrill John Klingberg 40 1 2 2
Penalty Kill 4 Players Forward
Center Wing Time % Phy DF OF
1 Brayden Schenn Claude Giroux 60 1 2 2
2 Logan Couture Jake Guentzel 40 1 2 2
Penalty Kill 4 Players Defense
Defense Defense Time % Phy DF OF
1 Jon Merrill Braydon Coburn 60 1 2 2
2 Hampus Lindholm John Klingberg 40 1 2 2
Penalty Kill - 3 Players Forward
Forward Time % Phy DF OF
1 Patrice Cormier 60 1 2 2
2 Logan Couture 40 1 2 2
Penalty Kill - 3 Players Defense
Defense Defense Time % Phy DF OF
1 Braydon Coburn Jon Merrill 60 1 2 2
2 Hampus Lindholm John Klingberg 40 1 2 2
4 vs 4 Forward
Center Wing Time % Phy DF OF
1 Brayden Schenn Claude Giroux 60 1 2 2
2 Logan Couture Jake Guentzel 40 1 2 2
4 vs 4 Defense
Defense Defense Time % Phy DF OF
1 Hampus Lindholm John Klingberg 60 1 2 2
2 Jon Merrill Braydon Coburn 40 1 2 2
Last Minutes Offensive
Center Left Wing Right Wing Defense Defense
Brayden Schenn Claude Giroux Patrick Kane Hampus Lindholm John Klingberg
Last Minutes Defensive
Center Left Wing Right Wing Defense Defense
Brayden Schenn Claude Giroux Patrick Kane Braydon Coburn Jon Merrill
Goaltenders
Starting : John Gibson
Backup : Martin Jones
Extra Forwards
Normal : Jake Guentzel, Patrick Kane, Bo Horvat - PP : Jake Guentzel, Logan Couture - PK : Jake Guentzel
Extra Defensemen
Normal : Braydon Coburn, Ryan Parent, Zach Werenski - PP : Braydon Coburn - PK : Braydon Coburn, Ryan Parent
Penalty Shots
Claude Giroux, Patrick Kane, Andre Burakovsky, Logan Couture, Brayden Schenn
Scratches
None
% Time on Ice - Sharks
Lines # - Real PCT - Wanted PCT - Time Play
Normal Forward
1 - 30% - 40% - 11:52
2 - 31% - 30% - 12:15
3 - 23% - 20% - 9:16
4 - 16% - 10% - 6:32
Normal Defense
1 - 40% - 40% - 15:49
2 - 35% - 30% - 14:10
3 - 24% - 20% - 9:36
4 - 1% - 10% - 0:20
PP Forward
1 - 53% - 60% - 5:13
2 - 47% - 40% - 4:42
PP Defense
1 - 65% - 60% - 6:24
2 - 35% - 40% - 3:31
PK Forward
1 - 79% - 60% - 8:04
2 - 21% - 40% - 2:06
PK Defense
1 - 62% - 60% - 6:16
2 - 38% - 40% - 3:54
PK3 Forward
1 - 0% - 60%
2 - 0% - 40%
PK3 Defense
1 - 0% - 60%
2 - 0% - 40%
44 Forward
1 - 0% - 60%
2 - 0% - 40%
44 Defense
1 - 0% - 60%
2 - 0% - 40%
Last Minute Offensive - 0:00
Last Minute Defensive - 0:00
Total
Forward - 60:00
Defense - 60:00
|
% Time on Ice - Maple Leafs
Lines # - Real PCT - Wanted PCT - Time Play
Normal Forward
1 - 29% - 40% - 11:42
2 - 30% - 30% - 11:51
3 - 22% - 20% - 8:47
4 - 19% - 10% - 7:35
Normal Defense
1 - 39% - 40% - 15:32
2 - 33% - 30% - 13:22
3 - 24% - 20% - 9:42
4 - 3% - 10% - 1:19
PP Forward
1 - 60% - 60% - 6:04
2 - 40% - 40% - 4:06
PP Defense
1 - 65% - 60% - 6:38
2 - 35% - 40% - 3:32
PK Forward
1 - 67% - 60% - 6:41
2 - 33% - 40% - 3:14
PK Defense
1 - 60% - 60% - 5:59
2 - 40% - 40% - 3:56
PK3 Forward
1 - 0% - 60%
2 - 0% - 40%
PK3 Defense
1 - 0% - 60%
2 - 0% - 40%
44 Forward
1 - 0% - 60%
2 - 0% - 40%
44 Defense
1 - 0% - 60%
2 - 0% - 40%
Last Minute Offensive - 0:00
Last Minute Defensive - 0:00
Total
Forward - 60:00
Defense - 60:00
|
Play-by-Play
1st period
0:01 of 1st period - Gilbert Brule wins face-off versus Brayden Schenn in neutral zone.
0:04 of 1st period - Slapshot by Drew Doughty.
0:04 of 1st period - Shot Blocked by Hampus Lindholm.
0:10 of 1st period - Slapshot by Hampus Lindholm.
0:10 of 1st period - Stopped by Ryan Miller with a rebound.
0:26 of 1st period - Corey Perry is hit by Brandon Saad and loses puck.
0:50 of 1st period - Wrist shot by Corey Perry.
0:50 of 1st period - Shot Misses the Net.
1:06 of 1st period - Slapshot by Hampus Lindholm.
1:06 of 1st period - Deflect By Steve Eminger.
1:06 of 1st period - Stopped by Ryan Miller with a rebound.
1:08 of 1st period - Slapshot by Hampus Lindholm.
1:08 of 1st period - Stopped by Ryan Miller with a rebound.
1:18 of 1st period - Slapshot by Patrice Cormier.
1:18 of 1st period - Stopped by Ryan Miller without a rebound.
1:19 of 1st period - Brandon Dubinsky wins face-off versus Bo Horvat in Sharks zone.
1:19 of 1st period - Brandon Dubinsky is hit by Bo Horvat.
1:38 of 1st period - Minor Penalty to Bo Horvat for Delaying the game.
1:39 of 1st period - Nick Palmieri wins face-off versus Brayden Schenn in Maple Leafs zone.
1:43 of 1st period - Slapshot by Drew Doughty.
1:43 of 1st period - Shot Misses the Net.
1:45 of 1st period - Slapshot by Dion Phaneuf.
1:45 of 1st period - Shot Misses the Net.
1:53 of 1st period - Wrist shot by Brandon Dubinsky.
1:53 of 1st period - Shot Misses the Net.
1:55 of 1st period - Wrist shot by Milan Michalek.
1:55 of 1st period - Stopped by John Gibson with a rebound.
2:31 of 1st period - Karl Alzner is hit by Jake Guentzel and loses puck.
3:11 of 1st period - Icing by Drew Doughty.
3:12 of 1st period - Brayden Schenn wins face-off versus Boone Jenner in Sharks zone.
3:38 of 1st period - Penalty to Bo Horvat is over, Bo Horvat is back on ice.
3:55 of 1st period - Snap shot by Bobby Butler.
3:55 of 1st period - Goal by Bobby Butler - Sharks : 1 - Maple Leafs : 0.
3:56 of 1st period - Jake Guentzel wins face-off versus Brandon Dubinsky in neutral zone.
4:05 of 1st period - Snap shot by Bo Horvat.
4:05 of 1st period - Shot Blocked by Dion Phaneuf.
4:36 of 1st period - Wrist shot by Patrick Kane.
4:36 of 1st period - Shot Misses the Net.
4:42 of 1st period - Backhand shot by Jake Guentzel.
4:42 of 1st period - Shot Misses the Net.
5:15 of 1st period - Snap shot by Oskar Osala.
5:15 of 1st period - Shot Misses the Net.
5:21 of 1st period - Snap shot by Oskar Osala.
5:21 of 1st period - Stopped by John Gibson with a rebound.
5:25 of 1st period - Wrist shot by David Booth.
5:25 of 1st period - Stopped by John Gibson with a rebound.
5:27 of 1st period - Snap shot by Corban Knight.
5:27 of 1st period - Shot Misses the Net.
5:37 of 1st period - Slapshot by Hampus Lindholm.
5:37 of 1st period - Stopped by Ryan Miller with a rebound.
6:02 of 1st period - Slapshot by Patrick Kane.
6:02 of 1st period - Shot Blocked by Dion Phaneuf.
6:20 of 1st period - Snap shot by David Booth.
6:20 of 1st period - Shot Misses the Net.
6:24 of 1st period - Snap shot by David Booth.
6:24 of 1st period - Deflect By Hampus Lindholm.
6:24 of 1st period - Stopped by John Gibson with a rebound.
6:26 of 1st period - Slapshot by Dion Phaneuf.
6:26 of 1st period - Shot Blocked by Bo Horvat.
6:28 of 1st period - Wrist shot by Drew Doughty.
6:28 of 1st period - Shot Blocked by Zach Werenski.
6:30 of 1st period - Backhand shot by Dion Phaneuf.
6:30 of 1st period - Shot Blocked by Zach Werenski.
6:32 of 1st period - Snap shot by David Booth.
6:32 of 1st period - Stopped by John Gibson with a rebound.
6:34 of 1st period - Snap shot by David Booth.
6:34 of 1st period - Shot Blocked by Zach Werenski.
6:56 of 1st period - Snap shot by Jake Guentzel.
6:56 of 1st period - Stopped by Ryan Miller without a rebound.
6:57 of 1st period - Brayden Schenn wins face-off versus Milan Michalek in Sharks zone.
7:32 of 1st period - Wrist shot by Beau Bennett.
7:32 of 1st period - Stopped by Ryan Miller with a rebound.
7:46 of 1st period - Wrist shot by Pontus Aberg.
7:46 of 1st period - Stopped by Ryan Miller without a rebound.
7:47 of 1st period - Milan Michalek wins face-off versus Patrice Cormier in Sharks zone.
7:56 of 1st period - Slapshot by Nick Palmieri.
7:56 of 1st period - Shot Blocked by Braydon Coburn.
7:58 of 1st period - Snap shot by Nick Palmieri.
7:58 of 1st period - Shot Misses the Net.
8:00 of 1st period - Snap shot by Milan Michalek.
8:00 of 1st period - Stopped by John Gibson with a rebound.
9:28 of 1st period - Boone Jenner is hit by Patrice Cormier.
9:48 of 1st period - Tyler Cuma is hit by Zach Werenski and loses puck.
11:20 of 1st period - Patrick Wey is hit by Tim Schaller and loses puck.
11:36 of 1st period - Icing by Andre Burakovsky.
11:37 of 1st period - Brayden Schenn wins face-off versus Boone Jenner in Maple Leafs zone.
11:46 of 1st period - Boone Jenner is hit by Brandon Saad.
14:03 of 1st period - Minor Penalty to Pontus Aberg for High sticking.
14:04 of 1st period - Brayden Schenn wins face-off versus Gilbert Brule in Maple Leafs zone.
15:29 of 1st period - Nick Palmieri is hit by Brandon Saad and loses puck.
15:38 of 1st period - Slapshot by Hampus Lindholm.
15:38 of 1st period - Shot Blocked by Milan Michalek.
16:03 of 1st period - Penalty to Pontus Aberg is over, Pontus Aberg is back on ice.
16:31 of 1st period - Claude Giroux is hit by Karl Alzner and loses puck.
16:42 of 1st period - Slapshot by Zach Boychuk.
16:42 of 1st period - Stopped by John Gibson without a rebound.
16:43 of 1st period - Logan Couture wins face-off versus David Booth in Maple Leafs zone.
18:18 of 1st period - Jon Merrill is hit by Gilbert Brule and loses puck.
18:58 of 1st period - Slapshot by Pontus Aberg.
18:58 of 1st period - Stopped by Ryan Miller with a rebound.
Goals for this period are 1 for Sharks vs 0 for Maple Leafs.
Shots for this period are 8 for Sharks vs 9 for Maple Leafs.
2nd period
0:01 of 2nd period - Gilbert Brule wins face-off versus Brayden Schenn in neutral zone.
0:04 of 2nd period - Claude Giroux is hit by Gilbert Brule and loses puck.
0:13 of 2nd period - Wrist shot by Claude Giroux.
0:13 of 2nd period - Deflect By Brayden Schenn.
0:13 of 2nd period - Shot Misses the Net.
0:13 of 2nd period - Puck is out of play.
0:14 of 2nd period - Gilbert Brule wins face-off versus Brayden Schenn in Sharks zone.
0:19 of 2nd period - Slapshot by Dion Phaneuf.
0:19 of 2nd period - Shot Blocked by Claude Giroux.
0:31 of 2nd period - Snap shot by Hampus Lindholm.
0:31 of 2nd period - Stopped by Ryan Miller with a rebound.
0:37 of 2nd period - Minor Penalty to David Booth for Hooking.
0:38 of 2nd period - Brayden Schenn wins face-off versus Gilbert Brule in Sharks zone.
0:39 of 2nd period - Snap shot by Claude Giroux.
0:39 of 2nd period - Stopped by Ryan Miller with a rebound.
1:09 of 2nd period - Slapshot by Hampus Lindholm.
1:09 of 2nd period - Stopped by Ryan Miller with a rebound.
1:29 of 2nd period - Wrist shot by Boone Jenner.
1:29 of 2nd period - Stopped by John Gibson with a rebound.
2:37 of 2nd period - Penalty to David Booth is over, David Booth is back on ice.
3:02 of 2nd period - Snap shot by Logan Couture.
3:02 of 2nd period - Shot Misses the Net.
3:35 of 2nd period - Tim Schaller is hit by David Booth and loses puck.
4:08 of 2nd period - Hampus Lindholm is hit by Drew Doughty and loses puck.
4:23 of 2nd period - Milan Michalek is hit by Pontus Aberg and loses puck.
4:42 of 2nd period - Snap shot by Hampus Lindholm.
4:42 of 2nd period - Deflect By Patrick Kane.
4:42 of 2nd period - Shot Blocked by Patrick Wey.
4:42 of 2nd period - Puck is out of play.
4:43 of 2nd period - Bo Horvat wins face-off versus Gilbert Brule in Sharks zone.
5:08 of 2nd period - Bo Horvat is hit by Tyler Cuma and loses puck.
5:13 of 2nd period - Wrist shot by Gilbert Brule.
5:13 of 2nd period - Shot Misses the Net.
5:15 of 2nd period - Snap shot by Dion Phaneuf.
5:15 of 2nd period - Stopped by John Gibson with a rebound.
5:17 of 2nd period - Wrist shot by Corey Perry.
5:17 of 2nd period - Stopped by John Gibson with a rebound.
5:19 of 2nd period - Snap shot by Corey Perry.
5:19 of 2nd period - Stopped by John Gibson with a rebound.
5:21 of 2nd period - Snap shot by Corey Perry.
5:21 of 2nd period - Shot Misses the Net.
5:23 of 2nd period - Snap shot by Dion Phaneuf.
5:23 of 2nd period - Stopped by John Gibson with a rebound.
5:25 of 2nd period - Snap shot by Gilbert Brule.
5:25 of 2nd period - Stopped by John Gibson without a rebound.
5:26 of 2nd period - Brayden Schenn wins face-off versus Brandon Dubinsky in Maple Leafs zone.
5:28 of 2nd period - Minor Penalty to Ryan Parent for Hooking.
5:29 of 2nd period - Brayden Schenn wins face-off versus Brandon Dubinsky in Maple Leafs zone.
5:43 of 2nd period - Slapshot by Milan Michalek.
5:43 of 2nd period - Stopped by John Gibson with a rebound.
5:45 of 2nd period - Slapshot by Milan Michalek.
5:45 of 2nd period - Shot Misses the Net.
6:17 of 2nd period - Jake Guentzel is hit by Karl Alzner.
6:22 of 2nd period - Off-side.
6:23 of 2nd period - Corey Perry wins face-off versus Brayden Schenn in neutral zone.
6:44 of 2nd period - Slapshot by Drew Doughty.
6:44 of 2nd period - Deflect By Nick Palmieri.
6:44 of 2nd period - Stopped by John Gibson without a rebound.
6:45 of 2nd period - Gilbert Brule wins face-off versus Logan Couture in Maple Leafs zone.
7:28 of 2nd period - Penalty to Ryan Parent is over, Ryan Parent is back on ice.
7:50 of 2nd period - Bobby Butler is hit by Brandon Saad and loses puck.
8:11 of 2nd period - Wrist shot by Patrick Kane.
8:11 of 2nd period - Stopped by Ryan Miller with a rebound.
8:28 of 2nd period - Patrick Wey is hit by Tim Schaller and loses puck.
8:53 of 2nd period - Snap shot by Claude Giroux.
8:53 of 2nd period - Stopped by Ryan Miller with a rebound.
8:55 of 2nd period - Slapshot by Ryan Parent.
8:55 of 2nd period - Stopped by Ryan Miller with a rebound.
9:05 of 2nd period - Drew Doughty is hit by Patrice Cormier and loses puck.
9:20 of 2nd period - Karl Alzner is hit by Jon Merrill and loses puck.
9:42 of 2nd period - Bobby Butler is hit by Bo Horvat and loses puck.
9:46 of 2nd period - Drew Doughty is hit by Patrick Kane and loses puck.
9:57 of 2nd period - Slapshot by Bo Horvat.
9:57 of 2nd period - Shot Blocked by David Booth.
10:09 of 2nd period - Wrist shot by Brayden Schenn.
10:09 of 2nd period - Stopped by Ryan Miller with a rebound.
10:53 of 2nd period - Logan Couture is hit by Nick Palmieri and loses puck.
13:07 of 2nd period - Brandon Dubinsky is hit by Jake Guentzel and loses puck.
13:30 of 2nd period - Bobby Butler is hit by Brayden Schenn and loses puck.
13:51 of 2nd period - Gilbert Brule is hit by Tim Schaller and loses puck.
14:11 of 2nd period - Slapshot by Drew Doughty.
14:11 of 2nd period - Stopped by John Gibson without a rebound.
14:12 of 2nd period - Brayden Schenn wins face-off versus Boone Jenner in Maple Leafs zone.
14:29 of 2nd period - Brayden Schenn is hit by Dion Phaneuf and loses puck.
14:48 of 2nd period - Snap shot by Patrick Kane.
14:48 of 2nd period - Goal by Patrick Kane - Sharks : 1 - Maple Leafs : 1.
14:49 of 2nd period - Gilbert Brule wins face-off versus Brayden Schenn in neutral zone.
14:52 of 2nd period - Hampus Lindholm is hit by Gilbert Brule and loses puck.
14:57 of 2nd period - Wrist shot by Gilbert Brule.
14:57 of 2nd period - Stopped by John Gibson with a rebound.
14:59 of 2nd period - Slapshot by David Booth.
14:59 of 2nd period - Shot Misses the Net.
15:05 of 2nd period - Andre Burakovsky is hit by Dion Phaneuf and loses puck.
15:20 of 2nd period - Slapshot by Nick Palmieri.
15:20 of 2nd period - Stopped by John Gibson without a rebound.
15:21 of 2nd period - Bo Horvat wins face-off versus Brandon Dubinsky in Maple Leafs zone.
15:28 of 2nd period - Snap shot by Milan Michalek.
15:28 of 2nd period - Stopped by John Gibson with a rebound.
15:47 of 2nd period - Tyler Cuma is hit by Bo Horvat and loses puck.
16:21 of 2nd period - Wrist shot by Patrick Kane.
16:21 of 2nd period - Shot Misses the Net.
16:29 of 2nd period - Jake Guentzel is hit by Karl Alzner.
16:41 of 2nd period - Slapshot by Milan Michalek.
16:41 of 2nd period - Shot Blocked by Braydon Coburn.
16:45 of 2nd period - Wrist shot by Brandon Dubinsky.
16:45 of 2nd period - Shot Misses the Net.
16:47 of 2nd period - Wrist shot by Nick Palmieri.
16:47 of 2nd period - Shot Misses the Net.
16:55 of 2nd period - Snap shot by Nick Palmieri.
16:55 of 2nd period - Shot Misses the Net.
16:57 of 2nd period - Snap shot by Karl Alzner.
16:57 of 2nd period - Stopped by John Gibson with a rebound.
16:59 of 2nd period - Slapshot by Karl Alzner.
16:59 of 2nd period - Shot Blocked by Jake Guentzel.
17:26 of 2nd period - Minor Penalty to Brandon Dubinsky for Unsportsmanlike conduct.
17:27 of 2nd period - Gilbert Brule wins face-off versus Brayden Schenn in Sharks zone.
17:41 of 2nd period - Snap shot by Gilbert Brule.
17:41 of 2nd period - Stopped by John Gibson with a rebound.
17:43 of 2nd period - Penalty Shot by Hampus Lindholm for Maple Leafs.
17:43 of 2nd period - Snap shot by Hampus Lindholm.
17:43 of 2nd period - Goal by Hampus Lindholm - Sharks : 1 - Maple Leafs : 2.
17:44 of 2nd period - Gilbert Brule wins face-off versus Brayden Schenn in neutral zone.
17:45 of 2nd period - Brayden Schenn wins face-off versus Gilbert Brule in Maple Leafs zone.
17:47 of 2nd period - Minor Penalty to Zach Werenski for Interference.
17:48 of 2nd period - Claude Giroux wins face-off versus Gilbert Brule in Maple Leafs zone.
17:48 of 2nd period - Claude Giroux is hit by Dion Phaneuf.
19:47 of 2nd period - Penalty to Zach Werenski is over, Zach Werenski is back on ice.
19:54 of 2nd period - Zach Werenski is hit by Karl Alzner and loses puck.
Goals for this period are 0 for Sharks vs 2 for Maple Leafs.
Shots for this period are 14 for Sharks vs 8 for Maple Leafs.
3rd period
0:01 of 3rd period - Brayden Schenn wins face-off versus Gilbert Brule in neutral zone.
0:16 of 3rd period - Snap shot by Gilbert Brule.
0:16 of 3rd period - Stopped by John Gibson with a rebound.
0:22 of 3rd period - Minor Penalty to Zach Werenski for Roughing.
0:23 of 3rd period - Brayden Schenn wins face-off versus Gilbert Brule in Maple Leafs zone.
1:15 of 3rd period - Icing by Tyler Cuma.
1:16 of 3rd period - Gilbert Brule wins face-off versus Logan Couture in Sharks zone.
2:21 of 3rd period - Jon Merrill is hit by Brandon Dubinsky and loses puck.
2:22 of 3rd period - Penalty to Zach Werenski is over, Zach Werenski is back on ice.
2:34 of 3rd period - Slapshot by Jon Merrill.
2:34 of 3rd period - Shot Blocked by Steve Eminger.
3:08 of 3rd period - Off-side.
3:09 of 3rd period - Brandon Dubinsky wins face-off versus Logan Couture in neutral zone.
3:35 of 3rd period - Minor Penalty to Milan Michalek for Hooking.
3:36 of 3rd period - Gilbert Brule wins face-off versus Brayden Schenn in Sharks zone.
3:55 of 3rd period - Icing by Zach Werenski.
3:56 of 3rd period - Brayden Schenn wins face-off versus Gilbert Brule in Maple Leafs zone.
4:25 of 3rd period - Wrist shot by Claude Giroux.
4:25 of 3rd period - Shot Blocked by Dion Phaneuf.
4:29 of 3rd period - Snap shot by Patrick Kane.
4:29 of 3rd period - Stopped by Ryan Miller without a rebound.
4:30 of 3rd period - Bo Horvat wins face-off versus Brandon Dubinsky in Sharks zone.
4:33 of 3rd period - Wrist shot by Andre Burakovsky.
4:33 of 3rd period - Deflect By Jake Guentzel.
4:33 of 3rd period - Shot Blocked by Tyler Cuma.
4:33 of 3rd period - Puck is out of play.
4:34 of 3rd period - Bo Horvat wins face-off versus Brandon Dubinsky in Sharks zone.
4:35 of 3rd period - Wrist shot by Andre Burakovsky.
4:35 of 3rd period - Shot Blocked by Tyler Cuma.
4:37 of 3rd period - Slapshot by John Klingberg.
4:37 of 3rd period - Stopped by Ryan Miller with a rebound.
4:39 of 3rd period - Slapshot by Bo Horvat.
4:39 of 3rd period - Goal by Bo Horvat - Sharks : 1 - Maple Leafs : 3.
4:40 of 3rd period - Gilbert Brule wins face-off versus Andre Burakovsky in neutral zone.
4:57 of 3rd period - Snap shot by Claude Giroux.
4:57 of 3rd period - Shot Misses the Net.
5:03 of 3rd period - Minor Penalty to Corey Perry for Tripping.
5:04 of 3rd period - Gilbert Brule wins face-off versus Brayden Schenn in Sharks zone.
5:19 of 3rd period - Snap shot by Claude Giroux.
5:19 of 3rd period - Goal by Claude Giroux - Sharks : 1 - Maple Leafs : 4.
5:20 of 3rd period - Gilbert Brule wins face-off versus Brayden Schenn in neutral zone.
5:33 of 3rd period - Snap shot by Claude Giroux.
5:33 of 3rd period - Stopped by Ryan Miller with a rebound.
5:35 of 3rd period - Snap shot by Claude Giroux.
5:35 of 3rd period - Stopped by Ryan Miller without a rebound.
5:36 of 3rd period - Brayden Schenn wins face-off versus Gilbert Brule in Sharks zone.
5:39 of 3rd period - Backhand shot by Claude Giroux.
5:39 of 3rd period - Shot Misses the Net.
5:41 of 3rd period - Snap shot by Brayden Schenn.
5:41 of 3rd period - Shot Misses the Net.
5:43 of 3rd period - Snap shot by Claude Giroux.
5:43 of 3rd period - Stopped by Ryan Miller with a rebound.
5:45 of 3rd period - Snap shot by Claude Giroux.
5:45 of 3rd period - Stopped by Ryan Miller without a rebound.
5:46 of 3rd period - Andre Burakovsky wins face-off versus Gilbert Brule in Sharks zone.
5:57 of 3rd period - Wrist shot by Claude Giroux.
5:57 of 3rd period - Shot Blocked by Corey Perry.
6:11 of 3rd period - Snap shot by Claude Giroux.
6:11 of 3rd period - Stopped by Ryan Miller with a rebound.
6:37 of 3rd period - Slapshot by Zach Werenski.
6:37 of 3rd period - Shot Misses the Net.
6:39 of 3rd period - Wrist shot by Andre Burakovsky.
6:39 of 3rd period - Deflect By Brayden Schenn.
6:39 of 3rd period - Stopped by Ryan Miller without a rebound.
6:40 of 3rd period - Bo Horvat wins face-off versus Brandon Dubinsky in Sharks zone.
7:08 of 3rd period - Minor Penalty to Bobby Butler for Hooking.
7:09 of 3rd period - Brayden Schenn wins face-off versus Gilbert Brule in Sharks zone.
8:17 of 3rd period - John Klingberg is hit by Dion Phaneuf and loses puck.
8:46 of 3rd period - Boone Jenner is hit by Andre Burakovsky.
9:08 of 3rd period - Penalty to Bobby Butler is over, Bobby Butler is back on ice.
9:40 of 3rd period - Nick Palmieri is hit by Tim Schaller and loses puck.
10:22 of 3rd period - Patrick Wey is hit by Patrice Cormier and loses puck.
10:38 of 3rd period - Hampus Lindholm is hit by Dion Phaneuf and loses puck.
10:58 of 3rd period - Wrist shot by Milan Michalek.
10:58 of 3rd period - Stopped by John Gibson without a rebound.
10:59 of 3rd period - Bo Horvat wins face-off versus Gilbert Brule in Maple Leafs zone.
11:26 of 3rd period - Tyler Cuma is hit by Andre Burakovsky and loses puck.
11:45 of 3rd period - Slapshot by Pontus Aberg.
11:45 of 3rd period - Deflect By Brandon Saad.
11:45 of 3rd period - Stopped by Ryan Miller with a rebound.
11:48 of 3rd period - Icing by Dion Phaneuf.
11:49 of 3rd period - Bo Horvat wins face-off versus Corban Knight in Sharks zone.
12:20 of 3rd period - Snap shot by Zach Boychuk.
12:20 of 3rd period - Shot Misses the Net.
12:30 of 3rd period - Karl Alzner is hit by Brayden Schenn and loses puck.
12:51 of 3rd period - Snap shot by Pontus Aberg.
12:51 of 3rd period - Shot Hit the Post.
13:19 of 3rd period - Minor Penalty to Nick Palmieri for Interference.
13:20 of 3rd period - Gilbert Brule wins face-off versus Brayden Schenn in Sharks zone.
14:08 of 3rd period - Karl Alzner is hit by Claude Giroux and loses puck.
15:19 of 3rd period - Penalty to Nick Palmieri is over, Nick Palmieri is back on ice.
15:46 of 3rd period - Wrist shot by Patrick Kane.
15:46 of 3rd period - Shot Blocked by David Booth.
16:11 of 3rd period - Off-side.
16:12 of 3rd period - Patrice Cormier wins face-off versus Boone Jenner in neutral zone.
16:40 of 3rd period - Minor Penalty to Brandon Dubinsky for Tripping.
16:41 of 3rd period - Andre Burakovsky wins face-off versus Boone Jenner in Sharks zone.
18:40 of 3rd period - Penalty to Brandon Dubinsky is over, Brandon Dubinsky is back on ice.
18:51 of 3rd period - Snap shot by Nick Palmieri.
18:51 of 3rd period - Goal by Nick Palmieri - Sharks : 2 - Maple Leafs : 4.
18:52 of 3rd period - Gilbert Brule wins face-off versus Patrice Cormier in neutral zone.
18:55 of 3rd period - Slapshot by Drew Doughty.
18:55 of 3rd period - Shot Blocked by Brandon Saad.
19:03 of 3rd period - Icing by Patrice Cormier.
19:04 of 3rd period - Boone Jenner wins face-off versus Patrice Cormier in Maple Leafs zone.
19:07 of 3rd period - Snap shot by Zach Boychuk.
19:07 of 3rd period - Shot Misses the Net.
19:22 of 3rd period - Minor Penalty to Bobby Butler for Holding.
19:23 of 3rd period - Brayden Schenn wins face-off versus Gilbert Brule in Sharks zone.
19:47 of 3rd period - Dion Phaneuf is hit by Patrick Kane and loses puck.
Goals for this period are 1 for Sharks vs 2 for Maple Leafs.
Shots for this period are 3 for Sharks vs 11 for Maple Leafs.